Cogmind - Beta 12 @@@ ROGUE MODE // 2023.05.18 @ 12:03:07 Player: omewwes Result: Destroyed by MAIN.C with Omega Cannon Performance ------------- Evolutions (9) 4500 Regions Visited (25) 5000 Robots Destroyed (408) 2040 Value Destroyed (22279) 22279 Prototype IDs (37) 740 Alien Tech Used (0) 0 Bonus (28794) 28794 TOTAL SCORE: 63353 Bonus ------- High Alert Combat Kills 9088 Follower Combat Kills 3946 Entered Garrisons 1600 Used RIF Installer 4500 Entered DSFs 500 Aligned with FarCom 300 Destroyed MAIN.C Guards 500 Met MAIN.C 5000 Destroyed MAIN.C Shell 5000 Friendly Fire -1640 Cogmind --------- Core Integrity 0/1600 Matter 218/300 Energy 99/100 System Corruption 16% Temperature Cool (63) Movement Core (50) Location -1/Command Parts ------- > --- POWER (2) -------- (None) > --- PROPULSION (6) --- (None) > --- UTILITY (14) ----- (None) > --- WEAPON (3) ------- (None) > --- INVENTORY (5) ---- Heavy Treads Advanced Heat Sink Advanced Cooling System Improved Plasma Cutter Peak State ------------ > --- POWER ------------ Quantum Reactor Quantum Reactor > --- PROPULSION ------- Armored Heavy Treads Biometal Heavy Treads Advanced Heavy Siege Treads > --- UTILITY ---------- Advanced Heat Sink Advanced Coolant Injector Huge Storage Unit Advanced Targeting Computer Core Analyzer Advanced Weapon Cycler Advanced Transmission Jammer Hacking Suite Improved Hacking Suite Relay Coupler [NC] Relay Coupler [Brawler] Relay Coupler [Duelist] Relay Coupler [Specialist] Relay Coupler [Heavy] > --- WEAPON ----------- Enhanced Nova Cannon Enhanced Nova Cannon Enhanced Nova Cannon > --- INVENTORY -------- Quantum Reactor Reinforced Quantum Reactor Advanced Medium Treads Biometal Medium Treads Armored Heavy Treads Advanced Heavy Siege Treads Advanced Heat Sink Improved Armor Integrity Analyzer Advanced Transmission Jammer Graphene Brace Relay Coupler [Cutter] Relay Coupler [Specialist] Relay Coupler [Proto] Relay Coupler [Proto] Relay Coupler [Proto] Relay Coupler [Proto] Gamma Rifle Nova Cannon Micro-nuke Launcher Advanced Remote Datajack Advanced Remote Datajack Field Lobotomy Kit Improved Plasma Cutter [Rating: 177] Favorites ----------- Power Cooled Fission Core Engine Reinforced Deuterium Engine Power Core Cooled Fission Core Reactor Quantum Reactor Propulsion Advanced Heavy Siege Treads Treads Advanced Heavy Siege Treads Leg Aluminum Leg Wheel Armored Huge Wheel Hover Unit Aerolev Unit Utility Advanced Heat Sink Device Advanced Heat Sink Storage Huge Storage Unit Processor Core Analyzer Hackware Relay Coupler [NC] Protection Improved Utility Shielding Weapon Enhanced Nova Cannon Energy Gun Heavy Laser Energy Cannon Enhanced Nova Cannon Ballistic Gun Hypervelocity Gauss Rifle Ballistic Cannon Magnetic Acceleration Cannon Launcher Rocket Launcher Special Weapon Improved Remote Datajack Slashing Weapon Segregator Build | -11 -10 -10 -10 -9 -8 -8 -8 -8 -7 -7 -7 -7 -6 -6 -5 -5 -4 -4 -3 -3 -3 -3 -2 -1 -1 ------- Run | Jun Mat Min Exi Min Mat Gar Mat Gar Fac Gar Fac Gar Fac Gar Fac Gar Fac Gar Res Gar Res DSF Res Acc Com Slots Evolved 18 | . . . . . 4 . . . 2 . . . 2 . 2 . 2 . 2 . . . 2 2 . Power 1 | . . . . . 1 . . . . . . . . . . . . . . . . . . . . Propulsion 4 | . . . . . 1 . . . . . . . . . . . 1 . . . . . 2 . . Utility 12 | . . . . . 2 . . . 2 . . . 2 . 2 . 1 . 1 . . . . 2 . Weapon 1 | . . . . . . . . . . . . . . . . . . . 1 . . . . . . Parts Attached 463 | . 2 . 3 4 36 45 21 17 6 18 . 16 27 41 13 26 1 17 12 47 . 6 17 48 40 Power 56 | . . . . . 6 9 2 2 . 5 . 3 1 5 2 3 . . 1 7 . . 2 4 4 Engine 15 | . . . . . 2 2 . . . 3 . 3 1 4 . . . . . . . . . . . Core 24 | . . . . . 4 7 2 2 . 2 . . . 1 2 2 . . . 2 . . . . . Reactor 17 | . . . . . . . . . . . . . . . . 1 . . 1 5 . . 2 4 4 Propulsion 82 | . . . . . 14 14 5 4 1 4 . 2 3 4 1 5 . 3 . 5 . 2 2 7 6 Treads 75 | . . . . . 10 14 5 4 1 4 . 2 3 4 1 3 . 2 . 5 . 2 2 7 6 Leg 4 | . . . . . 3 . . . . . . . . . . . . 1 . . . . . . . Wheel 2 | . . . . . . . . . . . . . . . . 2 . . . . . . . . . Hover 1 | . . . . . 1 . . . . . . . . . . . . . . . . . . . . Flight . | . . . . . . . . . . . . . . . . . . . . . . . . . . Utility 161 | . 2 . . 2 5 12 7 4 4 5 . 2 12 15 6 12 1 11 3 19 . 1 8 18 12 Device 88 | . 1 . . 2 2 9 4 3 1 3 . . 9 9 3 10 . 2 1 9 . . 6 7 7 Storage 6 | . 1 . . . 1 . 1 . 1 . . . . . 1 . . . . 1 . . . . . Processor 14 | . . . . . 1 . . 1 1 . . 2 . 2 1 . . . 1 1 . . . 3 1 Hackware 29 | . . . . . 1 . . . . . . . 1 2 1 . 1 6 . 4 . 1 2 8 2 Protection 24 | . . . . . . 3 2 . 1 2 . . 2 2 . 2 . 3 1 4 . . . . 2 Artifact . | . . . . . . . . . . . . . . . . . . . . . . . . . . Weapon 164 | . . . 3 2 11 10 7 7 1 4 . 9 11 17 4 6 . 3 8 16 . 3 5 19 18 Energy Gun 56 | . . . 1 . 10 9 6 5 . 1 . 6 6 5 . 3 . 1 . 3 . . . . . Energy Cannon 55 | . . . 1 . . . . 1 1 1 . . 2 2 . . . . 8 9 . 3 5 12 10 Ballistic Gun 11 | . . . 1 1 . . . . . 2 . 3 1 1 . . . 1 . . . . . . 1 Ballistic Cannon 10 | . . . . . . . . . . . . . 1 3 3 2 . . . 1 . . . . . Launcher 11 | . . . . 1 1 . 1 1 . . . . . 2 . . . 1 . 3 . . . 1 . Special Weapon 20 | . . . . . . . . . . . . . 1 4 1 1 . . . . . . . 6 7 Impact Weapon . | . . . . . . . . . . . . . . . . . . . . . . . . . . Slashing Weapon 1 | . . . . . . 1 . . . . . . . . . . . . . . . . . . . Piercing Weapon . | . . . . . . . . . . . . . . . . . . . . . . . . . . Special Melee Weapon . | . . . . . . . . . . . . . . . . . . . . . . . . . . Unidentified Prototypes 13 | . . . . . 1 . 2 . . 1 . . . . 1 . . . 1 5 . . 1 . 1 Corrupted Parts 2 | . . . . . 1 . . . . . . 1 . . . . . . . . . . . . . System Corruption 6 | . . . . . 3 . . . . . . 3 . . . . . . . . . . . . . Parts Lost 94 | . . . . . 3 8 . 2 1 2 . 4 5 8 3 6 . 2 2 11 . 2 5 11 19 Power 11 | . . . . . 1 2 . . . 1 . 1 . 2 . . . . . 1 . . 1 . 2 Propulsion 20 | . . . . . . 1 . 1 . . . 1 2 2 . . . . . 2 . . . 4 7 Utility 41 | . . . . . . 2 . . 1 1 . . 1 3 3 5 . 2 1 6 . 2 3 6 5 Weapon 22 | . . . . . 2 3 . 1 . . . 2 2 1 . 1 . . 1 2 . . 1 1 5 Highest Loss Streak 13 | . . . . . 3 7 . 2 1 2 . 2 4 6 2 2 . 1 1 5 . 1 2 4 13 To Critical Strikes . | . . . . . . . . . . . . . . . . . . . . . . . . . . Average Slot Usage (%) 90 | . 89 100 99 100 95 95 99 100 90 94 92 90 90 90 91 87 87 89 83 81 85 77 79 85 84 Engine 3 | . 14 14 14 14 5 3 . . . 7 15 15 13 11 . . . . . . . . . . . Core 5 | . . . . . 12 13 18 18 15 7 . . . . 10 9 5 5 4 2 . . . . . Reactor 2 | . . . . . . . . . . . . . . . . 1 5 5 4 5 9 9 8 8 7 Treads 14 | . . . . . 18 26 27 27 23 18 15 13 12 12 11 13 5 8 9 8 9 9 13 11 13 Leg 1 | . 28 28 28 28 7 . . . . . . . . . . . . . . . . . . . . Device 19 | . 3 14 14 14 11 18 22 18 13 22 23 14 18 24 29 36 31 18 14 17 19 14 15 15 16 Storage 6 | . 14 14 14 14 9 9 9 9 7 7 7 7 6 6 5 5 5 5 4 4 4 4 4 4 3 Processor 6 | . . . . . 8 3 . . 7 7 7 15 20 19 16 9 5 . . . . . . 6 8 Hackware 9 | . . . . . 4 . . . . . . . . . 3 . 3 21 23 22 23 26 24 26 21 Protection 3 | . . . . . . 3 3 9 15 7 7 7 5 1 . . 10 10 12 3 4 . . . 1 Energy Gun 5 | . 14 14 13 1 17 17 17 10 . 1 . 2 7 3 . 2 5 3 . 2 4 . . . . Energy Cannon 4 | . . . . . . . . 7 7 2 . . 2 4 . . . . 5 8 9 10 13 10 9 Ballistic Gun 2 | . 14 14 13 24 . . . . . 9 15 12 1 1 . . . 1 . . . . . . . Naked Turns 15 | . . . . . . . . . . . . . . . . . . . . . . . . . 15 Heaviest Build 195 | 12 18 18 18 21 42 43 44 49 75 82 82 83 90 90 136 145 134 141 152 185 185 184 181 182 195 Greatest Support 240 | 20 20 20 20 20 62 60 67 67 62 95 95 95 105 105 105 105 28 140 140 155 155 160 240 240 215 Greatest Overweight (x) 6 | . . . . 1 2 6 . . 1 1 . 1 1 . 1 4 4 5 1 1 1 1 . 1 1 Average Overweight (x) . | . . . . . . . . . . . . . . . . 1 4 1 . . 1 . . . . Largest Inventory Capacity 25 | 8 10 10 10 10 15 15 15 15 20 20 20 20 20 20 25 25 25 25 25 25 25 25 25 25 25 Average Capacity 20 | 8 9 10 10 10 12 15 15 15 17 20 20 20 20 20 21 25 25 25 25 25 25 25 25 25 24 Most Carried 25 | 6 4 5 10 10 15 15 15 15 15 20 20 20 20 20 21 25 25 25 25 25 25 25 25 25 25 Average Carried 19 | 4 2 4 6 9 11 14 14 14 13 18 20 19 18 19 19 22 24 24 23 24 25 24 24 23 23 Final Capacity 25 | 8 10 10 10 10 15 15 15 15 20 20 20 20 20 20 25 25 25 25 25 25 25 25 25 25 5 Final Carried 25 | 2 4 5 9 10 15 15 15 15 15 20 20 20 20 20 21 25 24 25 25 25 25 25 25 25 5 Class Distribution -------------------- 24% | Mutant 23% | Scavenger-Mutant 18% | Bothacker-Mutant 16% | Botlord-Mutant 7% | Botlord-Gunner 5% | Scavenger-Tank Dominant Class ---------------- Mutant | -10/Materials Mutant | -10/Mines Mutant | -10/Exiles Mutant | -9/Mines Mutant | -8/Materials Scavenger-Mutant | -8/Garrison Mutant | -8/Materials Mutant | -8/Garrison Mutant | -7/Factory Bothacker-Mutant | -7/Garrison Bothacker-Mutant | -7/Factory Bothacker-Mutant | -7/Garrison Bothacker-Mutant | -6/Factory Scavenger-Mutant | -6/Garrison Scavenger-Mutant | -5/Factory Botlord-Mutant | -5/Garrison Botlord-Mutant | -4/Factory Botlord-Mutant | -4/Garrison Botlord-Mutant | -3/Research Scavenger-Tank | -3/Garrison Scavenger-Tank | -3/Research Scavenger-Gunner | -3/DSF Scavenger-Gunner | -2/Research Botlord-Gunner | -1/Access Botlord-Mutant | -1/Command Resources | -11 -10 -10 -10 -9 -8 -8 -8 -8 -7 -7 -7 -7 -6 -6 -5 -5 -4 -4 -3 -3 -3 -3 -2 -1 -1 ----------- Run | Jun Mat Min Exi Min Mat Gar Mat Gar Fac Gar Fac Gar Fac Gar Fac Gar Fac Gar Res Gar Res DSF Res Acc Com Matter Collected 9830 | 200 38 . . 78 407 476 244 252 55 680 . 800 322 859 789 1424 44 537 133 685 . 67 174 1023 543 Remotely . | . . . . . . . . . . . . . . . . . . . . . . . . . . Salvage Created 22342 | . 125 . . 93 707 920 977 754 247 1976 . 1268 506 1843 1029 1090 . 398 750 1587 . 663 1458 3315 2636 Parts 934 | . 10 . . 10 35 41 62 41 16 66 . 72 21 65 30 38 . 19 37 52 . 15 71 149 84 Haulers Intercepted 9 | . . . . . 4 . 4 . . . . . . . . . . . . . . . . 1 . Recyclers Shooed 11 | . . . . . . . 1 . . . . . 2 . 7 . . . . . . . . . 1 Parts Field Recycled 5 | . . . . . . . . . . . . . . . . 5 . . . . . . . . . Retrieved Matter 10 | . . . . . . . . . . . . . . . . 10 . . . . . . . . . Parts Self-Destructed . | . . . . . . . . . . . . . . . . . . . . . . . . . . Prevented . | . . . . . . . . . . . . . . . . . . . . . . . . . . Kills | -11 -10 -10 -10 -9 -8 -8 -8 -8 -7 -7 -7 -7 -6 -6 -5 -5 -4 -4 -3 -3 -3 -3 -2 -1 -1 ------- Run | Jun Mat Min Exi Min Mat Gar Mat Gar Fac Gar Fac Gar Fac Gar Fac Gar Fac Gar Res Gar Res DSF Res Acc Com Combat Hostiles Destroyed 342 | . 1 . . 5 13 26 10 16 5 26 . 21 7 29 11 33 . 3 9 31 . 11 22 39 24 Melee 3 | . . . . . . 3 . . . . . . . . . . . . . . . . . . . Guns 102 | . 1 . . 2 10 23 8 7 . 14 . 21 4 5 . 5 . 1 . . . 1 . . . Cannons 159 | . . . . . . . . 3 . 4 . . 1 16 11 28 . . 5 14 . 6 19 30 22 AOE 50 | . . . . 3 3 . 1 4 3 8 . . 2 6 . . . 1 3 11 . 2 . 3 . Classes Destroyed 22 | . 3 . . 1 3 2 5 2 1 2 . 1 . . . 1 . . . . . 1 . . . Worker 14 | . . . . . 2 . 2 . 2 . . . 2 . . . . . 5 . . . . 1 . Builder 8 | . . . . . . . 4 . 1 . . . . . 1 . . . 1 . . . . 1 . Tunneler 6 | . 1 . . . 1 . . . 1 . . . 1 . . . . . . . . . 1 1 . Hauler 9 | . . . . . 4 . 4 . . . . . . . . . . . . . . . . 1 . Recycler 9 | . 1 . . . 1 . . . 1 . . . . . 5 . . . . . . . . 1 . Mechanic 2 | . . . . . . . 1 . . . . . . . . . . . 1 . . . . . . Operator 4 | . . . . . . . 2 . . . . . . . . . . . . . . . . 1 1 Watcher 6 | . . . . . . . 2 . . . . . 1 1 . . . . . . . . 1 1 . Swarmer 76 | . . . . 4 6 3 2 4 2 3 . 6 1 6 . 8 . 2 . 11 . 5 8 2 3 Cutter 2 | . . . . . . . . . . . . . . . . 2 . . . . . . . . . Saboteur 2 | . . . . . . 2 . . . . . . . . . . . . . . . . . . . Grunt 149 | . 1 . . 1 5 12 4 4 . 17 . 6 1 16 6 17 . 2 5 13 . 4 6 16 13 Brawler 4 | . . . . . . . . . . 1 . 1 1 . . 1 . . . . . . . . . Duelist 4 | . . . . . . . 1 1 . 1 . . . . 1 . . . . . . . . . . Protector 2 | . . . . . . . . 1 . 1 . . . . . . . . . . . . . . . Sentry 42 | . . . . . 2 5 4 5 2 2 . 2 3 4 . 2 . . 1 5 . . 3 1 1 Demolisher 1 | . . . . . . . . . . 1 . . . . . . . . . . . . . . . Specialist 5 | . . . . . . . . . . . . 3 . 1 . . . . . . . 1 . . . Hunter 21 | . . . . . . . . . 1 . . 1 1 1 1 3 . . 2 . . . 2 7 2 Programmer 36 | . . . . . . 4 . . . . . 2 . . 4 . . . 3 1 . . 3 15 4 Heavy 1 | . . . . . . . . . . . . . . . . . . . . . . 1 . . . Behemoth 4 | . . . . . . . . 1 . . . . . 1 . . . 1 . 1 . . . . . Best Kill Streak 14 | . 3 . . 3 6 6 5 6 5 11 . 4 5 8 3 6 . 1 5 14 . 9 5 7 7 Combat Bots Only 14 | . 1 . . 3 3 6 2 6 3 11 . 4 4 8 2 6 . 1 2 14 . 9 5 5 7 Max Kills in Single Turn 5 | . 2 . . 3 3 2 2 2 5 2 . 2 3 2 1 1 . 1 4 5 . 3 1 3 2 Gunslinging 1 | . . . . . . 1 1 . . . . 1 . . . . . . . . . . . . . Exploded 5 | . . . . 3 2 . 1 2 1 2 . . 2 2 . . . 1 1 5 . 2 . 3 . Melee 1 | . . . . . . 1 . . . . . . . . . . . . . . . . . . . Uniques/NPCs Destroyed 1 | . . . . . . . . . . . . . . . . . . . . . . . . . 1 MAIN.C Shell (-1/Command) Combat | -11 -10 -10 -10 -9 -8 -8 -8 -8 -7 -7 -7 -7 -6 -6 -5 -5 -4 -4 -3 -3 -3 -3 -2 -1 -1 -------- Run | Jun Mat Min Exi Min Mat Gar Mat Gar Fac Gar Fac Gar Fac Gar Fac Gar Fac Gar Res Gar Res DSF Res Acc Com Damage Taken 34862 | . 35 . . 113 752 1480 202 815 230 1413 . 1286 960 2689 580 1618 188 558 601 5025 . 1531 2243 5463 7080 Core 3870 | . . . . 17 51 205 44 108 10 167 . 147 130 356 39 109 . 58 56 330 . 397 26 224 1396 Absorbed by Shields 3436 | . . . . . . . 62 147 64 13 . 22 46 825 216 956 68 221 217 380 . . . . 199 Reduced by Siege Mode 1435 | . . . . . . . . . . 17 . 80 14 141 4 43 . . . 476 . 102 145 326 87 Redirected to Shielding 573 | . . . . . . 82 . 40 61 92 . 47 72 72 . . . . 35 72 . . . . . Core Remaining (%) 69 | 100 . . . 93 . . . 25 . . . 53 . 42 . 85 . 94 . . . 39 98 . . Volleys Fired 1321 | . 6 . . 5 41 131 41 62 8 98 . 77 44 124 77 106 5 83 20 87 . 20 51 127 108 Largest 3 | . 2 . . 2 2 2 2 2 1 2 . 2 2 2 2 2 1 1 1 3 . 3 3 3 3 Hottest 360 | . 60 . . 43 128 132 125 306 100 142 . 225 300 225 114 130 7 69 100 264 . 264 360 360 360 Shots Fired 2173 | . 12 . . 7 75 196 83 91 8 164 . 144 66 191 126 132 5 83 20 148 . 33 113 261 215 Gun 958 | . 12 . . 6 73 196 81 68 . 140 . 144 45 72 . 19 . 49 . 22 . 2 . . 29 Cannon 1063 | . . . . . . . . 21 8 24 . . 16 102 117 113 . . 16 119 . 31 113 217 166 Launcher 25 | . . . . 1 2 . 2 2 . . . . . 7 . . . 2 . 7 . . . 2 . Special 127 | . . . . . . . . . . . . . 5 10 9 . 5 32 4 . . . . 42 20 Kinetic 568 | . 6 . . 6 . . . . . 100 . 136 1 42 117 113 . 18 . . . . . . 29 Thermal 1218 | . . . . . 45 194 19 27 8 48 . 8 36 132 . . . 31 14 115 . 33 113 217 178 Explosive 25 | . . . . 1 2 . 2 2 . . . . . 7 . . . 2 . 7 . . . 2 . Electromagnetic 247 | . 6 . . . 28 2 62 62 . 16 . . 24 . . 19 . . 2 26 . . . . . Robot Hit Streak 97 | . 6 . . 2 22 18 19 26 14 14 . 18 12 29 18 20 4 14 15 11 . 6 12 28 97 Robot Miss Streak 7 | . 4 . . 2 2 3 4 2 4 3 . 7 2 4 5 3 2 3 2 3 . 3 3 5 2 Penetration Max 1 | . . . . . . . . . . 1 . 1 . 1 1 1 . . . . . . . . . Secondary Targets 14 | . . . . . 1 6 1 2 . . . 4 . . . . . . . . . . . . . Max Gunslinging Chain 1 | . . . . . 1 1 1 1 . . . 1 . . . . . . . . . . . . . Shots Hit Robots 1454 | . 6 . . 3 57 97 51 66 2 98 . 101 54 143 89 93 3 58 13 86 . 21 71 167 175 Core Hits 748 | . 4 . . 6 32 43 33 26 8 65 . 77 22 72 35 44 . 17 14 54 . 15 35 73 73 Critical Kills 46 | . . . . . . . . . 2 13 . 13 . 2 . . . 1 1 3 . 2 3 4 2 Critical Parts Destroyed 47 | . . . . . . . . . . 19 . 25 . . . . . 2 . . . . . . 1 Critical Strikes 130 | . . . . . 5 4 1 . 2 34 . 38 . 2 11 8 . 5 1 6 . 2 3 4 4 Burn 13 | . . . . . 4 4 1 . . . . . . . . . . 2 . 2 . . . . . Meltdown 19 | . . . . . . . . . 2 . . . . 2 . . . . 1 3 . 2 3 4 2 Destroy 77 | . . . . . . . . . . 34 . 38 . . . . . 3 . . . . . . 2 Blast 19 | . . . . . . . . . . . . . . . 11 8 . . . . . . . . . Corrupt 2 | . . . . . 1 . . . . . . . . . . . . . . 1 . . . . . Melee Attacks . | . . . . . . . . . . . . . . . . . . . . . . . . . . Impact . | . . . . . . . . . . . . . . . . . . . . . . . . . . Slashing . | . . . . . . . . . . . . . . . . . . . . . . . . . . Piercing . | . . . . . . . . . . . . . . . . . . . . . . . . . . Sneak Attacks . | . . . . . . . . . . . . . . . . . . . . . . . . . . Combat Hostiles . | . . . . . . . . . . . . . . . . . . . . . . . . . . Follow-up Attacks . | . . . . . . . . . . . . . . . . . . . . . . . . . . Damage Inflicted 52357 | . 87 . . 233 1171 1869 1506 1695 915 2708 . 1216 1525 4619 2924 4726 . 972 2220 5177 . 3100 3296 6794 5604 Guns 10824 | . 87 . . 27 880 1866 1095 938 . 964 . 1216 940 995 . 186 . 825 . 219 . 24 . . 562 Cannons 31693 | . . . . . . . . 398 227 668 . . 362 2529 2899 4540 . . 1009 3386 . 1460 3296 6074 4845 Explosions 9553 | . . . . 206 291 . 401 359 688 1076 . . 202 1095 . . . 147 1211 1572 . 1594 . 711 . Melee . | . . . . . . . . . . . . . . . . . . . . . . . . . . Ramming 90 | . . . . . . 3 10 . . . . . 21 . 25 . . . . . . 22 . 9 . Kinetic 10610 | . 30 . . 27 . . . . . 489 . 1132 . 525 2899 4540 . 406 . . . . . . 562 Thermal 33820 | . . . . . 647 1866 297 533 744 1927 . 84 1102 2999 . . . 419 2213 3499 . 3078 3296 6074 5042 Explosive 4397 | . . . . 206 256 . 300 284 171 . . . . 1095 . . . 147 . 1227 . . . 711 . Electromagnetic 3440 | . 57 . . . 268 . 899 878 . 292 . . 402 . . 186 . . 7 451 . . . . . Impact . | . . . . . . . . . . . . . . . . . . . . . . . . . . Slashing . | . . . . . . . . . . . . . . . . . . . . . . . . . . Piercing . | . . . . . . . . . . . . . . . . . . . . . . . . . . Highest Corruption 16 | . . . . . 3 4 6 6 . . . 7 1 1 1 8 . . 5 5 5 5 2 9 16 Average Corruption 4 | . . . . . 3 3 5 6 . . . 2 1 1 1 7 . . 4 5 5 5 1 4 11 Corruption Purged . | . . . . . . . . . . . . . . . . . . . . . . . . . . Corruption Blocked . | . . . . . . . . . . . . . . . . . . . . . . . . . . Effects 361 | . . . . . 11 33 27 32 . . . 4 4 16 4 51 . . 6 63 2 7 4 61 36 Message Errors 78 | . . . . . 4 4 4 10 . . . 2 . 4 1 14 . . 2 10 . . . 17 6 Matter Fused 95 | . . . . . 2 9 6 7 . . . . 3 5 1 12 . . 1 20 . 4 1 15 9 Heat Flow Errors 44 | . . . . . 2 4 3 3 . . . . . 1 . 9 . . 1 12 . . 1 5 3 Energy Discharges 25 | . . . . . . 1 1 3 . . . . . 1 . 5 . . . 5 1 . . 4 4 Parts Rejected 9 | . . . . . . 1 . . . . . . . 1 . . . . . 1 . 1 1 1 3 Parts Fused 4 | . . . . . . 1 . 1 . . . . . . . . . . . . . . . 1 1 Data Loss (minor) 44 | . . . . . . 8 3 6 . . . 1 . 4 1 3 . . 1 6 1 2 1 4 3 Data Loss (major) 20 | . . . . . 1 . 3 1 . . . . 1 . . 2 . . 1 3 . . . 5 3 Misfires 20 | . . . . . 1 2 5 1 . . . . . . 1 2 . . . 3 . . . 4 1 Alerts 5 | . . . . . 1 1 1 . . . . . . . . 1 . . . . . . . . 1 Weapon Failures 17 | . . . . . . 2 1 . . . . 1 . . . 3 . . . 3 . . . 5 2 Overload Shots 10 | . . . . . . . . 1 . . . 1 5 3 . . . . . . . . . . . Overflow Damage 1564 | . . . . . 10 . 48 62 25 24 . . 47 28 71 107 . . 198 376 . 210 74 179 105 Projectiles 1071 | . . . . . . . . 17 . . . . . . 71 107 . . 166 230 . 124 74 177 105 Explosions 493 | . . . . . 10 . 48 45 25 24 . . 47 28 . . . . 32 146 . 86 . 2 . Melee . | . . . . . . . . . . . . . . . . . . . . . . . . . . Knockbacks 69 | . . . . . . . . . . . . . 1 3 30 35 . . . . . . . . . Impact 2 | . . . . . . . . . . . . . 1 . 1 . . . . . . . . . . Kinetic 65 | . . . . . . . . . . . . . . 3 28 34 . . . . . . . . . Secondary 2 | . . . . . . . . . . . . . . . 1 1 . . . . . . . . . Self-Inflicted Damage 766 | . . . . . . . . . 94 161 . . 82 28 . . . . 190 211 . . . . . Shots 15 | . . . . . . . . . 2 3 . . 1 1 . . . . 4 4 . . . . . Rammed 11 | . . . . . . . 2 . . . . . 2 . 4 . . . . . . 2 . 1 . Targets Rammed 12 | . . . . . . 1 2 . . . . . 2 . 4 . . . . . . 2 . 1 . Kicked . | . . . . . . . . . . . . . . . . . . . . . . . . . . Crushed 1 | . . . . . . 1 . . . . . . . . . . . . . . . . . . . Highest Temperature 757 | . 18 . . . 491 230 146 338 8 307 . 346 405 432 6 366 . 194 98 402 . 757 474 256 439 Average Temperature 113 | . 12 . . . 163 53 68 89 3 92 . 78 209 58 3 109 . 88 39 144 . 241 182 76 146 Received Heat Transfer 5290 | . 18 . . 27 405 468 63 227 18 390 . 381 201 847 198 313 14 96 33 772 . 60 90 333 336 Effects 30 | . . . . . 1 . . 3 . . . 1 2 2 . 1 . . . 3 . 8 3 . 6 Shutdowns 10 | . . . . . . . . . . . . . . . . 1 . . . . . 5 1 . 3 Energy Bleed 9 | . . . . . 1 . . 1 . . . . 1 1 . . . . . 3 . . . . 2 Interference 3 | . . . . . . . . 2 . . . . . . . . . . . . . . 1 . . Matter Decay 3 | . . . . . . . . . . . . . 1 1 . . . . . . . . . . 1 Damage (minor) 3 | . . . . . . . . . . . . 1 . . . . . . . . . 1 1 . . Damage (core) 2 | . . . . . . . . . . . . . . . . . . . . . . 2 . . . Siege Activations 56 | . . . . . . . . . . 1 . 5 1 7 4 2 . . . 4 . 2 8 15 7 Total Turns 916 | . . . . . . . . . . 19 . 59 11 157 42 58 . . . 99 . 27 140 193 111 Longest Duration 47 | . . . . . . . . . . 19 . 17 11 47 20 36 . . . 44 . 16 47 29 39 Robots Corrupted 6 | . . . . . 1 . 1 2 . . . . . . . . . . . 2 . . . . . Combat Hostiles 5 | . . . . . . . 1 2 . . . . . . . . . . . 2 . . . . . Parts Fried 28 | . . . . . 2 . 9 6 . . . . 5 . . 2 . . . 4 . . . . . Impact Corruptions . | . . . . . . . . . . . . . . . . . . . . . . . . . . Robots Melted 26 | . . . . . . . . . 2 . . . . 2 . . . 1 3 4 . 3 3 6 2 Combat Hostiles 23 | . . . . . . . . . 2 . . . . 2 . . . 1 1 4 . 2 3 6 2 Parts Melted 106 | . . . . 1 2 20 2 2 1 2 . 1 2 9 . . . 1 13 15 . 2 11 16 6 Heat Transferred 36770 | . . . . . 1628 4070 668 714 640 2055 . 111 1399 4551 . . . 962 2160 3351 . 3202 2812 5069 3378 Parts Sabotaged 21 | . . . . . . 21 . . . . . . . . . . . . . . . . . . . Parts Stolen . | . . . . . . . . . . . . . . . . . . . . . . . . . . Parts Stripped . | . . . . . . . . . . . . . . . . . . . . . . . . . . Power Chain Reactions 4 | . . . . . 1 . 1 1 . 1 . . . . . . . . . . . . . . . Missiles Intercepted . | . . . . . . . . . . . . . . . . . . . . . . . . . . Alert | -11 -10 -10 -10 -9 -8 -8 -8 -8 -7 -7 -7 -7 -6 -6 -5 -5 -4 -4 -3 -3 -3 -3 -2 -1 -1 ------- Run | Jun Mat Min Exi Min Mat Gar Mat Gar Fac Gar Fac Gar Fac Gar Fac Gar Fac Gar Res Gar Res DSF Res Acc Com Peak Influence 2590 | . 48 18 . 151 386 877 714 935 734 1609 844 1131 730 1071 761 1637 873 1286 1122 2590 1456 1405 1182 1549 1554 Initial 1456 | . . 18 . . 58 101 427 415 490 471 844 590 593 67 562 485 858 607 723 729 1456 1092 789 640 900 Average 874 | . 21 17 . 64 198 588 593 690 557 1114 844 842 493 603 586 1076 866 958 897 1670 1456 1311 1007 1108 1199 Maximum Alert Level 5 | . . . . . 1 3 3 3 3 5 3 4 3 3 3 5 3 4 4 5 4 4 4 4 5 Low Security (%) 7 | 100 100 100 . 100 60 3 . . . . . . 15 8 . . . . . . . . . . . Level 1 4 | . . . . . 39 15 . . . . . . . 20 . . . . . . . . . . . Level 2 27 | . . . . . . 51 93 34 99 8 . 17 83 32 92 25 . 20 . . . . . 16 . Level 3 33 | . . . . . . 29 6 65 . 46 100 76 . 39 7 22 100 44 79 25 . 1 93 24 31 Level 4 18 | . . . . . . . . . . 17 . 5 . . . 44 . 34 20 17 100 98 6 59 60 Level 5 8 | . . . . . . . . . . 27 . . . . . 7 . . . 57 . . . . 8 High Security . | . . . . . . . . . . . . . . . . . . . . . . . . . . Max Security . | . . . . . . . . . . . . . . . . . . . . . . . . . . Sterilizations 1 | . . . . . . . . . . . . . . . . . . . . . . 1 . . . Squads Dispatched 38 | . 1 . . . 1 . 1 . 1 . . . 3 . 5 . . . 4 . . 1 3 13 5 Investigation 3 | . . . . . 1 . . . . . . . . . . . . . . . . . . 2 . Extermination 15 | . . . . . . . . . 1 . . . 2 . 2 . . . 1 . . . 2 6 1 Reinforcement 11 | . 1 . . . . . 1 . . . . . 1 . 2 . . . . . . 1 1 3 1 Assault 9 | . . . . . . . . . . . . . . . 1 . . . 3 . . . . 2 3 Garrison . | . . . . . . . . . . . . . . . . . . . . . . . . . . Intercept . | . . . . . . . . . . . . . . . . . . . . . . . . . . Searches Triggered . | . . . . . . . . . . . . . . . . . . . . . . . . . . Construction Impeded . | . . . . . . . . . . . . . . . . . . . . . . . . . . Haulers Reinforced 2 | . . . . . . . . . . . . . . . 1 . . . . . . . 1 . . Active Scanning Responses . | . . . . . . . . . . . . . . . . . . . . . . . . . . Cargo Convoy Interrupts . | . . . . . . . . . . . . . . . . . . . . . . . . . . Stealth | -11 -10 -10 -10 -9 -8 -8 -8 -8 -7 -7 -7 -7 -6 -6 -5 -5 -4 -4 -3 -3 -3 -3 -2 -1 -1 --------- Run | Jun Mat Min Exi Min Mat Gar Mat Gar Fac Gar Fac Gar Fac Gar Fac Gar Fac Gar Res Gar Res DSF Res Acc Com Distress Signals 11 | . 1 . . . 1 . 2 . . . . . . . 1 . . . . . . . 3 2 1 Communications Jammed 38 | . . . . . . . . . . . . . . 11 3 . . . 2 . . . . 22 . Distress Signals 38 | . . . . . . . . . . . . . . 11 3 . . . 2 . . . . 22 . Times Spotted 621 | . 4 . . 12 20 35 22 17 7 42 . 30 14 55 26 36 9 34 12 45 . 13 28 109 51 Peak Tracking Total 11 | . 2 . . 10 6 6 5 5 3 7 . 4 5 10 5 5 5 8 4 10 . 5 6 9 11 Tactical Retreats 25 | . . . . . . 3 2 2 2 3 . 4 2 . 3 . 1 . . 1 . . 1 . 1 Traps | -11 -10 -10 -10 -9 -8 -8 -8 -8 -7 -7 -7 -7 -6 -6 -5 -5 -4 -4 -3 -3 -3 -3 -2 -1 -1 ------- Run | Jun Mat Min Exi Min Mat Gar Mat Gar Fac Gar Fac Gar Fac Gar Fac Gar Fac Gar Res Gar Res DSF Res Acc Com Traps Triggered 39 | . . . . . 3 1 . 4 . 6 . 1 1 . 2 4 . 1 . 15 . . . 1 . Indirectly . | . . . . . . . . . . . . . . . . . . . . . . . . . . Trap Hack Attempts . | . . . . . . . . . . . . . . . . . . . . . . . . . . Triggered . | . . . . . . . . . . . . . . . . . . . . . . . . . . Disarmed . | . . . . . . . . . . . . . . . . . . . . . . . . . . Reprogrammed . | . . . . . . . . . . . . . . . . . . . . . . . . . . Reused . | . . . . . . . . . . . . . . . . . . . . . . . . . . Traps Extracted . | . . . . . . . . . . . . . . . . . . . . . . . . . . Installed . | . . . . . . . . . . . . . . . . . . . . . . . . . . Triggered . | . . . . . . . . . . . . . . . . . . . . . . . . . . Machines | -11 -10 -10 -10 -9 -8 -8 -8 -8 -7 -7 -7 -7 -6 -6 -5 -5 -4 -4 -3 -3 -3 -3 -2 -1 -1 ---------- Run | Jun Mat Min Exi Min Mat Gar Mat Gar Fac Gar Fac Gar Fac Gar Fac Gar Fac Gar Res Gar Res DSF Res Acc Com Machines Disabled 58 | . . . . . 3 . 1 1 7 6 . . 2 5 5 6 . 5 2 7 . . 1 3 4 Max in Single Turn 3 | . . . . . 2 . 1 1 3 2 . . 2 1 1 1 . 2 1 1 . . 1 1 1 Garrison Access 4 | . . . . . . . . . . . . . . . . . . . 1 . . . . 3 . Garrison Relay 15 | . . . . . . . . . . 1 . . . 3 . 3 . 4 . 4 . . . . . Phase Generator 1 | . . . . . . . . . . 1 . . . . . . . . . . . . . . . Machines Repaired . | . . . . . . . . . . . . . . . . . . . . . . . . . . Machines Sabotaged . | . . . . . . . . . . . . . . . . . . . . . . . . . . Overloaded Fab Kills . | . . . . . . . . . . . . . . . . . . . . . . . . . . Hacking | -11 -10 -10 -10 -9 -8 -8 -8 -8 -7 -7 -7 -7 -6 -6 -5 -5 -4 -4 -3 -3 -3 -3 -2 -1 -1 --------- Run | Jun Mat Min Exi Min Mat Gar Mat Gar Fac Gar Fac Gar Fac Gar Fac Gar Fac Gar Res Gar Res DSF Res Acc Com Machines Accessed 60 | . 1 . 1 . 4 5 6 1 1 1 1 2 3 3 2 2 1 1 2 4 1 . 1 14 3 Terminals 44 | . 1 . . . 3 5 3 1 . 1 . 2 2 3 . 2 . 1 1 4 1 . . 11 3 Fabricators . | . . . . . . . . . . . . . . . . . . . . . . . . . . Repair Stations . | . . . . . . . . . . . . . . . . . . . . . . . . . . Recycling Units 2 | . . . . . . . 1 . . . . . . . 1 . . . . . . . . . . Scanalyzers 1 | . . . . . . . 1 . . . . . . . . . . . . . . . . . . Garrison Access 12 | . . . . . 1 . 1 . 1 . 1 . 1 . 1 . 1 . 1 . . . 1 3 . Total Hacks 90 | . 2 . 1 . 7 8 11 1 1 1 1 6 3 5 2 3 1 1 2 6 1 . 1 22 4 Successful 43 | . 1 . 1 . 4 2 6 . 1 1 1 1 2 3 2 1 1 1 1 2 1 . . 9 2 Failed 47 | . 1 . . . 3 6 5 1 . . . 5 1 2 . 2 . . 1 4 . . 1 13 2 Catastrophic 14 | . . . . . 2 4 1 . . . . 1 . . . 1 . . 1 1 . . 1 1 1 Database Lockouts . | . . . . . . . . . . . . . . . . . . . . . . . . . . Manual 14 | . 1 . 1 . 2 . 5 . . . . . . . . . . . . . . . 1 3 1 Terminals 72 | . 2 . . . 6 8 6 1 . 1 . 6 2 5 . 3 . 1 1 6 1 . . 19 4 Fabricators . | . . . . . . . . . . . . . . . . . . . . . . . . . . Repair Stations . | . . . . . . . . . . . . . . . . . . . . . . . . . . Recycling Units 2 | . . . . . . . 1 . . . . . . . 1 . . . . . . . . . . Scanalyzers 3 | . . . . . . . 3 . . . . . . . . . . . . . . . . . . Garrison Access 12 | . . . . . 1 . 1 . 1 . 1 . 1 . 1 . 1 . 1 . . . 1 3 . Terminal Hacks 28 | . 1 . 1 . 3 2 3 . . 1 . 1 1 3 . 1 . 1 . 2 1 . . 5 2 Part Schematic 1 | . . . . . . . 1 . . . . . . . . . . . . . . . . . . Open Door 8 | . . . . . . 1 . . . . . 1 . 1 . . . . . 1 . . . 3 1 Open DSF 1 | . . . . . . . . . . . . . . . . . . . . . 1 . . . . Branch Access Points 3 | . 1 . . . 1 . . . . . . . . . . . . . . . . . . 1 . Emergency Access Points 4 | . . . . . . 1 . . . 1 . . . 1 . 1 . . . . . . . . . Locate Traps 3 | . . . . . . . 1 . . . . . 1 . . . . . . . . . . 1 . Security Status 1 | . . . . . . . . . . . . . . . . . . . . . . . . . 1 Hauler Manifests 1 | . . . . . 1 . . . . . . . . . . . . . . . . . . . . Registered Components 1 | . . . . . . . 1 . . . . . . . . . . . . . . . . . . Zone Layout 1 | . . . . . 1 . . . . . . . . . . . . . . . . . . . . Patrol Navigation 3 | . . . . . . . . . . . . . . 1 . . . 1 . 1 . . . . . EX-Prototype ID Bank 1 | . . . 1 . . . . . . . . . . . . . . . . . . . . . . Fabricator Hacks . | . . . . . . . . . . . . . . . . . . . . . . . . . . Repair Station Hacks . | . . . . . . . . . . . . . . . . . . . . . . . . . . Recycling Unit Hacks 1 | . . . . . . . . . . . . . . . 1 . . . . . . . . . . Retrieve Matter 1 | . . . . . . . . . . . . . . . 1 . . . . . . . . . . Scanalyzer 2 | . . . . . . . 2 . . . . . . . . . . . . . . . . . . Insert Component 1 | . . . . . . . 1 . . . . . . . . . . . . . . . . . . Analyze 1 | . . . . . . . 1 . . . . . . . . . . . . . . . . . . Garrison Access Hacks 11 | . . . . . 1 . 1 . 1 . 1 . 1 . 1 . 1 . 1 . . . . 3 . Unlock Access 8 | . . . . . 1 . 1 . 1 . 1 . 1 . 1 . 1 . 1 . . . . . . Seal Access 3 | . . . . . . . . . . . . . . . . . . . . . . . . 3 . Unauthorized Hacks 1 | . . . . . . . . . . . . . . . . . . . . . . . . 1 . Terminals 1 | . . . . . . . . . . . . . . . . . . . . . . . . 1 . Botnet 1 | . . . . . . . . . . . . . . . . . . . . . . . . 1 . Fabricators . | . . . . . . . . . . . . . . . . . . . . . . . . . . Repair Stations . | . . . . . . . . . . . . . . . . . . . . . . . . . . Recycling Units . | . . . . . . . . . . . . . . . . . . . . . . . . . . Scanalyzers . | . . . . . . . . . . . . . . . . . . . . . . . . . . Garrison Access . | . . . . . . . . . . . . . . . . . . . . . . . . . . Data Cores Recovered 3 | . . . . . . . 1 . . . . . . . . . . . . . . . . 1 1 Used 2 | . . . . . . . . . . . . . . . . . . . . . . . . 1 1 Hacking Detections 41 | . 1 . . . 4 3 4 1 1 . 1 2 2 1 1 2 . . 1 4 . . 1 10 2 Full Trace Events 3 | . . . . . . . 1 . . . . . . . . . . . . . . . . 2 . Feedback Events . | . . . . . . . . . . . . . . . . . . . . . . . . . . Feedback Blocked . | . . . . . . . . . . . . . . . . . . . . . . . . . . Robot Schematics Acquired . | . . . . . . . . . . . . . . . . . . . . . . . . . . Robots Built . | . . . . . . . . . . . . . . . . . . . . . . . . . . Authchips . | . . . . . . . . . . . . . . . . . . . . . . . . . . Time . | . . . . . . . . . . . . . . . . . . . . . . . . . . Total Robot Build Rating . | . . . . . . . . . . . . . . . . . . . . . . . . . . Part Schematics Acquired 2 | . . . . . . . 2 . . . . . . . . . . . . . . . . . . Parts Built . | . . . . . . . . . . . . . . . . . . . . . . . . . . Authchips . | . . . . . . . . . . . . . . . . . . . . . . . . . . Time . | . . . . . . . . . . . . . . . . . . . . . . . . . . Total Part Build Rating . | . . . . . . . . . . . . . . . . . . . . . . . . . . Parts Repaired . | . . . . . . . . . . . . . . . . . . . . . . . . . . Time . | . . . . . . . . . . . . . . . . . . . . . . . . . . Parts Recycled . | . . . . . . . . . . . . . . . . . . . . . . . . . . Recycled Matter . | . . . . . . . . . . . . . . . . . . . . . . . . . . Retrieved Matter . | . . . . . . . . . . . . . . . . . . . . . . . . . . Retrieved Components . | . . . . . . . . . . . . . . . . . . . . . . . . . . Parts Scanalyzed 1 | . . . . . . . 1 . . . . . . . . . . . . . . . . . . Part Schematics Acquired 1 | . . . . . . . 1 . . . . . . . . . . . . . . . . . . Parts Damaged . | . . . . . . . . . . . . . . . . . . . . . . . . . . Bothacking | -11 -10 -10 -10 -9 -8 -8 -8 -8 -7 -7 -7 -7 -6 -6 -5 -5 -4 -4 -3 -3 -3 -3 -2 -1 -1 ------------ Run | Jun Mat Min Exi Min Mat Gar Mat Gar Fac Gar Fac Gar Fac Gar Fac Gar Fac Gar Res Gar Res DSF Res Acc Com Used RIF Installer 9 | . . . . . . 1 . 1 . 1 . 2 . 1 . 1 . 1 . 1 . . . . . Coupler Efficiency 3 | . . . . . . . . 1 . 1 . . . . . 1 . . . . . . . . . Code Merge 1 | . . . . . . . . . . . . 1 . . . . . . . . . . . . . Command Fork 1 | . . . . . . . . . . . . . . 1 . . . . . . . . . . . Zone Cloak 1 | . . . . . . . . . . . . . . . . . . 1 . . . . . . . Watcher Feeds 1 | . . . . . . . . . . . . . . . . . . . . 1 . . . . . Structural Interface 1 | . . . . . . . . . . . . 1 . . . . . . . . . . . . . Robots Hacked 66 | . . . . . . . . . . . . . 1 7 4 . 2 20 3 . . . . 25 4 Non-combat 7 | . . . . . . . . . . . . . 1 . . . . . 2 . . . . 4 . Combat 59 | . . . . . . . . . . . . . . 7 4 . 2 20 1 . . . . 21 4 Robot Hacks Applied 76 | . . . . . . . . . . . . . 4 7 5 . 3 20 4 . . . . 29 4 parse_system 1 | . . . . . . . . . . . . . . . 1 . . . . . . . . . . generate_echo 1 | . . . . . . . . . . . . . . . . . . . 1 . . . . . . drop_inventory 1 | . . . . . . . . . . . . . . . . . . . 1 . . . . . . ignore_parts 1 | . . . . . . . . . . . . . . . . . . . 1 . . . . . . purge_threat 7 | . . . . . . . . . . . . . 3 . . . . . . . . . . 4 . disarm_traps 1 | . . . . . . . . . . . . . . . . . . . . . . . . 1 . block_reporting 1 | . . . . . . . . . . . . . . . . . . . . . . . . 1 . map_route 2 | . . . . . . . . . . . . . . . . . . . . . . . . 2 . find_garrison 2 | . . . . . . . . . . . . . . . 1 . 1 . . . . . . . . scatter_targeting 4 | . . . . . . . . . . . . . . . . . . 4 . . . . . . . broadcast_data 1 | . . . . . . . . . . . . . . . . . . 1 . . . . . . . disrupt_area 3 | . . . . . . . . . . . . . . . . . . 2 . . . . . 1 . amplify_resonance 4 | . . . . . . . . . . . . . 1 . . . 1 1 . . . . . 1 . overwrite_iff 18 | . . . . . . . . . . . . . . 4 2 . . 5 1 . . . . 6 . formatsys_high 29 | . . . . . . . . . . . . . . 3 1 . 1 7 . . . . . 13 4 Relay Couplers Released 69 | . . . . . . 4 . . . 4 . . . 13 . 10 . 17 3 14 . . . 4 . Machine Destruction 61 | . . . . . . . . . . 4 . . . 13 . 10 . 17 3 14 . . . . . Programmers 8 | . . . . . . 4 . . . . . . . . . . . . . . . . . 4 . Attached 25 | . . . . . . . . . . . . . 1 2 1 . 1 6 . 4 . 1 . 7 2 Merged Code Value 145 | . . . . . . . . . . . . . . . . . . 74 . 71 . . . . . Fabnet Peak Effective % . | . . . . . . . . . . . . . . . . . . . . . . . . . . Robots Rewired 16 | . . . . . . 3 . 1 . 6 . . . 3 . . . . . 3 . . . . . Allies Hacked 7 | . . . . . . . . . . . . . . . . . . . . . . . . 4 3 Hacks Repelled . | . . . . . . . . . . . . . . . . . . . . . . . . . . Allies | -11 -10 -10 -10 -9 -8 -8 -8 -8 -7 -7 -7 -7 -6 -6 -5 -5 -4 -4 -3 -3 -3 -3 -2 -1 -1 -------- Run | Jun Mat Min Exi Min Mat Gar Mat Gar Fac Gar Fac Gar Fac Gar Fac Gar Fac Gar Res Gar Res DSF Res Acc Com Total Allies 95 | . . 3 . . . 4 . 1 . 6 . 1 . 13 4 . 1 17 2 7 . . . 27 9 Largest Group 6 | . . 3 3 3 . 3 3 1 . 5 3 3 . 5 2 . 1 5 2 4 . . . 6 5 Highest-Rated Group 751 | . . 40 40 40 . 54 54 34 . 77 44 44 . 184 58 . 58 255 105 190 . . . 370 751 Highest-Rated Ally 216 | . . 16 16 16 . 31 18 34 . 21 20 31 . 85 47 . 58 56 58 90 . . . 178 216 Total Orders 9 | . . . . . . . . . . . . . . . . . . . . . . . 1 8 . EXPLORE 7 | . . . . . . . . . . . . . . . . . . . . . . . 1 6 . RETURN 2 | . . . . . . . . . . . . . . . . . . . . . . . . 2 . Ally Attacks 603 | . . . . 21 . 9 16 2 . 77 . 28 . 69 18 . 3 87 6 46 . . . 131 90 Total Damage 25219 | . . . . 206 . 82 307 36 . 1712 . 401 . 2345 460 . 118 2215 196 2234 . . . 5229 9678 Kills 121 | . . . . 3 . . 5 . . 17 . 3 . 15 2 . . 16 . 13 . . . 26 21 Allies Corrupted 4 | . . . . . . . . . . . . . . 1 . . . . . . . . . 2 1 Allies Melted 2 | . . . . . . . . . . . . . . . . . . . 2 . . . . . . Field Lobotomies 4 | . . . . . . . . . . . . . . 2 . . . . . . . . . . 2 Intel | -11 -10 -10 -10 -9 -8 -8 -8 -8 -7 -7 -7 -7 -6 -6 -5 -5 -4 -4 -3 -3 -3 -3 -2 -1 -1 ------- Run | Jun Mat Min Exi Min Mat Gar Mat Gar Fac Gar Fac Gar Fac Gar Fac Gar Fac Gar Res Gar Res DSF Res Acc Com Robot Analysis Total . | . . . . . . . . . . . . . . . . . . . . . . . . . . Derelict Logs Recovered 2 | . . 1 . 1 . . . . . . . . . . . . . . . . . . . . . Drone Launches 16 | . . . . . . . . . . . . . . . . . . . . . . . 2 14 . Drone Recoveries 14 | . . . . . . . . . . . . . . . . . . . . . . . 2 12 . Exploration | -11 -10 -10 -10 -9 -8 -8 -8 -8 -7 -7 -7 -7 -6 -6 -5 -5 -4 -4 -3 -3 -3 -3 -2 -1 -1 ------------- Run | Jun Mat Min Exi Min Mat Gar Mat Gar Fac Gar Fac Gar Fac Gar Fac Gar Fac Gar Res Gar Res DSF Res Acc Com Turns Passed 25126 | 11 110 413 440 398 956 1704 1121 1417 521 1662 29 1268 1087 1982 1030 1557 87 1252 824 2409 105 343 976 2451 973 Spaces Moved 11665 | 8 70 338 356 274 464 727 604 783 253 791 14 566 573 907 458 471 49 664 308 837 45 97 449 1178 381 Core 33 | . . . . . . 2 . . . . . . . . . . . . . . . . . . 31 Treads 10168 | . . . . . 341 725 604 783 253 791 14 566 573 907 458 419 . 470 308 837 45 97 449 1178 350 Legs 1169 | 8 70 338 356 274 123 . . . . . . . . . . . . . . . . . . . . Wheels 295 | . . . . . . . . . . . . . . . . 52 49 194 . . . . . . . Hover . | . . . . . . . . . . . . . . . . . . . . . . . . . . Flight . | . . . . . . . . . . . . . . . . . . . . . . . . . . Fastest Speed 50 | 120 120 120 120 120 120 160 150 150 155 158 165 160 160 160 160 160 160 160 160 152 237 160 155 155 50 Average Speed 171 | 120 120 120 120 124 161 165 153 154 188 167 165 172 160 160 173 264 160 160 236 234 237 244 158 160 166 Slowest Speed 350 | 120 120 120 120 190 260 350 160 163 235 235 165 240 240 160 240 323 160 240 240 240 237 250 160 250 250 Overloaded Moves . | . . . . . . . . . . . . . . . . . . . . . . . . . . Propulsion Burnouts . | . . . . . . . . . . . . . . . . . . . . . . . . . . Robots Hopped 1 | . . . . . . . . . . . . . . . . . . . . 1 . . . . . Cave-ins Triggered . | . . . . . . . . . . . . . . . . . . . . . . . . . . Exploration Rate (%) 46 | 2 25 70 61 46 50 70 58 75 9 83 1 72 17 88 16 65 4 94 10 93 3 93 18 55 28 Regions Visited 25 Branch Regions 4 Pre-discovered Areas 1 | . . 1 . . . . . . . . . . . . . . . . . . . . . . . Known Exits Taken 11 | . 1 . . . 1 . 1 . 1 . 1 . 1 . 1 . 1 . 1 . 1 . . 1 . Unknown Exits Taken 5 | 1 . 1 1 1 . . . . . . . . . . . . . . . . . . 1 . . Scrap Searched 3 | . . 1 . 2 . . . . . . . . . . . . . . . . . . . . . Spaces Dug 44 | . . . . . . . 23 . . . . 1 . . . . . 11 . 6 . . . 2 1 Terrain Destroyed 816 | . . . . 8 3 . 23 25 140 125 . 5 38 69 18 18 . 15 97 88 . 44 25 57 18 Melee . | . . . . . . . . . . . . . . . . . . . . . . . . . . Projectile 159 | . . . . . . . . 1 4 4 . 1 . 7 18 18 . . 5 9 . 6 25 43 18 AOE 650 | . . . . 8 3 . 23 24 136 118 . . 38 62 . . . 15 92 79 . 38 . 14 . Terrain Rammed . | . . . . . . . . . . . . . . . . . . . . . . . . . . Walls Destroyed . | . . . . . . . . . . . . . . . . . . . . . . . . . . Machines Disabled . | . . . . . . . . . . . . . . . . . . . . . . . . . . Actions | -11 -10 -10 -10 -9 -8 -8 -8 -8 -7 -7 -7 -7 -6 -6 -5 -5 -4 -4 -3 -3 -3 -3 -2 -1 -1 --------- Run | Jun Mat Min Exi Min Mat Gar Mat Gar Fac Gar Fac Gar Fac Gar Fac Gar Fac Gar Res Gar Res DSF Res Acc Com Total 14976 | 11 83 345 371 326 597 1023 723 902 273 994 19 746 688 1253 611 680 58 810 365 1141 44 156 618 1544 595 Wait 777 | . 4 7 3 37 27 33 20 24 . 8 5 75 14 93 43 15 . 23 . 54 . 10 87 155 40 Move 11645 | 7 69 337 355 273 463 726 604 782 253 790 14 565 573 906 458 470 49 663 308 834 44 96 448 1177 381 Hop 1 | . . . . . . . . . . . . . . . . . . . . 1 . . . . . Pick Up 194 | . 1 1 5 2 11 8 10 2 2 13 . 3 9 20 5 24 1 7 10 17 . 8 6 18 11 Fast Attach 201 | . 2 . . 3 11 29 10 10 2 7 . 8 13 16 6 12 . 8 4 29 . 4 8 12 7 Attach 109 | . . . 3 . 6 5 . 2 3 7 . 3 4 8 1 13 1 2 7 13 . 2 5 10 14 Detach 68 | . 1 . 3 1 3 2 1 1 3 4 . 2 2 4 1 10 . 4 5 12 . 2 1 2 4 Swap 153 | . . . . 1 19 11 11 5 1 4 . 5 10 17 6 1 . 7 1 5 . . 4 26 19 Drop 284 | 4 . . 2 4 16 15 24 12 1 18 . 8 17 27 10 24 2 13 10 31 . 12 8 16 10 Fire 1321 | . 6 . . 5 41 131 41 62 8 98 . 77 44 124 77 106 5 83 20 87 . 20 51 127 108 Melee . | . . . . . . . . . . . . . . . . . . . . . . . . . . Ram . | . . . . . . . . . . . . . . . . . . . . . . . . . . Kick . | . . . . . . . . . . . . . . . . . . . . . . . . . . Crush 12 | . . . . . . 1 2 . . . . . 2 . 4 . . . . . . 2 . 1 . Escape Stasis 26 | . . . . . . . . . . 4 . . . . . 4 . . . 18 . . . . . Rewire 185 | . . . . . . 62 . 2 . 41 . . . 38 . 1 . . . 40 . . . . 1 Trap . | . . . . . . . . . . . . . . . . . . . . . . . . . . Miscellaneous . | . . . . . . . . . . . . . . . . . . . . . . . . . . Route ------- -11/Junkyard -10/Materials -10/Mines -10/Exiles -9/Mines -8/Materials (discovered 3 exits: *Fac x2 / Gar) -8/Garrison (discovered 2 exits: *Mat x2) -8/Materials (discovered 3 exits: *Fac x2 / Gar) -8/Garrison (discovered 3 exits: *Fac x3) -7/Factory -7/Garrison (discovered 4 exits: *Fac x4) -7/Factory -7/Garrison (discovered 4 exits: *Fac x3 / [*Fac]) -6/Factory -6/Garrison (discovered 3 exits: *Fac x3) -5/Factory -5/Garrison (discovered 2 exits: *Fac x2) -4/Factory -4/Garrison (discovered 3 exits: *Res x3) -3/Research -3/Garrison (discovered 3 exits: *Res x3) -3/Research -3/DSF -2/Research -1/Access -1/Command History --------- Turn | Location | Event 1 | -11/Junkyard | Discovered new exit (range 3) 12 | -11/Junkyard | Entered Materials 20 | -10/Materials | Identified exit to Mines 122 | -10/Materials | Entered Mines 237 | -10/Mines | Received a Rocket Launcher from a helpful Derelict 302 | -10/Mines | Learned location of Zion (-7) 306 | -10/Mines | Build established: Mutant 378 | -10/Mines | Assisted by bots powering up and referring to "LRC-V3" 522 | -10/Mines | Deemed a non-threat by the Exiles lab entrance 522 | -10/Mines | Discovered new exit (range 5) 535 | -10/Mines | Entered Exiles 535 | -10/Exiles | Accompanied by 3 allies 569 | -10/Exiles | Met 8R-AWN 587 | -10/Exiles | Met EX-HEX 618 | -10/Exiles | Met EX-BIN 690 | -10/Exiles | Aligned with FarCom system 691 | -10/Exiles | Given EX-Vault access code 724 | -10/Exiles | Opened EX-Vault 733 | -10/Exiles | Found Field Lobotomy Kit 736 | -10/Exiles | Found 0b10 Alert Chip 740 | -10/Exiles | Found YOLO Cannon 769 | -10/Exiles | Warned to stay clear of 0b10 Research branches 900 | -10/Exiles | Met EX-DEC 962 | -10/Exiles | Discovered new exit (range 10) 975 | -10/Exiles | Stole three prototypes: 0b10 Alert Chip, YOLO Cannon, Field Lobotomy Kit 975 | -10/Exiles | Entered Mines 975 | -9/Mines | Accompanied by 3 allies 1062 | -9/Mines | Met a Derelict bent on vengeance 1301 | -9/Mines | Discovered new exit (range 7) 1373 | -9/Mines | Entered Materials 1373 | -8/Materials | Evolved 4 slots: Power x1, Propulsion x1, Utility x2 1374 | -8/Materials | Identified exit to Factory 1973 | -8/Materials | Discovered exit to Factory (range 3) 2175 | -8/Materials | Lost 3 parts (1p2w) 2321 | -8/Materials | Identified exit to Garrison 2329 | -8/Materials | Entered Garrison 2678 | -8/Garrison | Triggered checkpoint 2794 | -8/Garrison | Triggered checkpoint 2908 | -8/Garrison | Build established: Scavenger-Mutant 3129 | -8/Garrison | Discovered new exit (range 9) 3162 | -8/Garrison | Installed Relay Interface Framework 3472 | -8/Garrison | Lost 7 parts (2p1n2u2w) 3472 | -8/Garrison | Rescued a captive Derelict 3500 | -8/Garrison | Discovered new exit (range 12) 3700 | -8/Garrison | Triggered checkpoint 3760 | -8/Garrison | Triggered checkpoint 4033 | -8/Garrison | Entered Materials 4033 | -8/Materials | Accompanied by 3 allies 4436 | -8/Materials | Discovered exit to Factory (range 12) 4798 | -8/Materials | Core integrity fell below 50% 4840 | -8/Materials | Discovered exit to Factory (range 15) 4898 | -8/Materials | Build established: Mutant 5154 | -8/Materials | Identified exit to Garrison 5154 | -8/Materials | Entered Garrison 5214 | -8/Garrison | Triggered checkpoint 5288 | -8/Garrison | Spotted B-75 Beast 5337 | -8/Garrison | Destroyed B-75 Beast 5347 | -8/Garrison | Discovered exit to Factory (range 10) 5691 | -8/Garrison | Discovered exit to Factory (range 14) 5744 | -8/Garrison | Triggered checkpoint 5943 | -8/Garrison | Discovered exit to Factory (range 10) 6088 | -8/Garrison | Triggered checkpoint 6197 | -8/Garrison | Expanded RIF knowledge: Coupler Efficiency 6264 | -8/Garrison | Triggered checkpoint 6378 | -8/Garrison | Triggered checkpoint 6571 | -8/Garrison | Entered Factory 6571 | -7/Factory | Evolved 2 slots: Utility x2 6573 | -7/Factory | FarCom data flow suspended 7092 | -7/Factory | Identified exit to Garrison 7092 | -7/Factory | Entered Garrison 7169 | -7/Garrison | Triggered checkpoint 7172 | -7/Garrison | Triggered checkpoint 7183 | -7/Garrison | Triggered checkpoint 7268 | -7/Garrison | Destroyed 11 combat bots 7370 | -7/Garrison | Garrison Relay disabled 7518 | -7/Garrison | Triggered checkpoint 7528 | -7/Garrison | Triggered checkpoint 7564 | -7/Garrison | Triggered checkpoint 7702 | -7/Garrison | Build established: Bothacker-Mutant 7894 | -7/Garrison | Triggered checkpoint 7947 | -7/Garrison | Discovered new exit (range 13) 8002 | -7/Garrison | Phase Generator disabled 8146 | -7/Garrison | Triggered checkpoint 8189 | -7/Garrison | Discovered new exit (range 3) 8233 | -7/Garrison | Discovered new exit (range 14) 8476 | -7/Garrison | Expanded RIF knowledge: Coupler Efficiency 8502 | -7/Garrison | Triggered checkpoint 8546 | -7/Garrison | Discovered new exit (range 14) 8754 | -7/Garrison | Entered Factory 8754 | -7/Factory | Accompanied by 3 allies 8778 | -7/Factory | Identified exit to Garrison 8783 | -7/Factory | Entered Garrison 8783 | -7/Garrison | Accompanied by 3 allies 8886 | -7/Garrison | Triggered checkpoint 8990 | -7/Garrison | Triggered checkpoint 9000 | -7/Garrison | Triggered checkpoint 9068 | -7/Garrison | Triggered checkpoint 9204 | -7/Garrison | Discovered new exit (range 8) 9344 | -7/Garrison | Triggered checkpoint 9352 | -7/Garrison | Discovered new exit (range 14) 9429 | -7/Garrison | Discovered new exit (range 5) 9508 | -7/Garrison | Triggered checkpoint 9632 | -7/Garrison | Triggered checkpoint 9633 | -7/Garrison | Triggered checkpoint 9811 | -7/Garrison | Discovered new exit (range 10) 9881 | -7/Garrison | Expanded RIF knowledge: Structural Interface 9926 | -7/Garrison | Rescued a captive Derelict 10005 | -7/Garrison | Expanded RIF knowledge: Code Merge 10051 | -7/Garrison | Entered Factory 10051 | -6/Factory | Evolved 2 slots: Utility x2 10489 | -6/Factory | Lost 4 parts (2n2w) 11138 | -6/Factory | Identified exit to Garrison 11138 | -6/Factory | Entered Garrison 11158 | -6/Garrison | Triggered checkpoint 11252 | -6/Garrison | Expanded RIF knowledge: Command Fork 11330 | -6/Garrison | Garrison Relay disabled 11506 | -6/Garrison | Triggered checkpoint 11559 | -6/Garrison | Spotted B-75 Beast 11559 | -6/Garrison | Spotted B-75 Beast 11562 | -6/Garrison | Assimilated B-75 Beast with FLK Orb 11580 | -6/Garrison | Destroyed B-75 Beast 11664 | -6/Garrison | Spotted B-75 Beast 11668 | -6/Garrison | Triggered checkpoint 11670 | -6/Garrison | Triggered checkpoint 11701 | -6/Garrison | Triggered checkpoint 11703 | -6/Garrison | Triggered checkpoint 11723 | -6/Garrison | Assimilated B-75 Beast with FLK Orb 11731 | -6/Garrison | Destroyed 8 combat bots 11739 | -6/Garrison | Core integrity fell below 50% 11762 | -6/Garrison | Lost 6 parts (2p2n1u1w) 11890 | -6/Garrison | Triggered checkpoint 12015 | -6/Garrison | Build established: Scavenger-Mutant 12045 | -6/Garrison | Discovered new exit (range 12) 12096 | -6/Garrison | Garrison Relay disabled 12098 | -6/Garrison | Triggered checkpoint 12400 | -6/Garrison | Triggered checkpoint 12653 | -6/Garrison | Discovered new exit (range 14) 12909 | -6/Garrison | Discovered new exit (range 8) 12934 | -6/Garrison | Triggered checkpoint 13120 | -6/Garrison | Entered Factory 13120 | -5/Factory | Evolved 2 slots: Utility x2 13420 | -5/Factory | First assault squad dispatched 14150 | -5/Factory | Identified exit to Garrison 14150 | -5/Factory | Entered Garrison 14170 | -5/Garrison | Triggered checkpoint 14414 | -5/Garrison | Build established: Mutant 14540 | -5/Garrison | Triggered checkpoint 14567 | -5/Garrison | Garrison Relay disabled 14738 | -5/Garrison | Triggered checkpoint 14810 | -5/Garrison | Triggered checkpoint 14902 | -5/Garrison | Build established: Bothacker-Mutant 14960 | -5/Garrison | Discovered new exit (range 12) 14984 | -5/Garrison | Triggered checkpoint 15062 | -5/Garrison | Garrison Relay disabled 15184 | -5/Garrison | Triggered checkpoint 15207 | -5/Garrison | Triggered checkpoint 15344 | -5/Garrison | Expanded RIF knowledge: Coupler Efficiency 15349 | -5/Garrison | Build established: Botlord-Mutant 15402 | -5/Garrison | Triggered checkpoint 15462 | -5/Garrison | Garrison Relay disabled 15526 | -5/Garrison | Discovered new exit (range 19) 15612 | -5/Garrison | Found Relay Coupler [Proto] 15615 | -5/Garrison | Found Relay Coupler [Proto] 15620 | -5/Garrison | Found Relay Coupler [Proto] 15622 | -5/Garrison | Found Relay Coupler [Proto] 15707 | -5/Garrison | Entered Factory 15707 | -4/Factory | Evolved 2 slots: Propulsion x1, Utility x1 15794 | -4/Factory | Identified exit to Garrison 15794 | -4/Factory | Entered Garrison 15896 | -4/Garrison | Triggered checkpoint 16054 | -4/Garrison | Garrison Relay disabled 16097 | -4/Garrison | Spotted B-86 Titan 16118 | -4/Garrison | Triggered checkpoint 16118 | -4/Garrison | Triggered checkpoint 16120 | -4/Garrison | Destroyed B-86 Titan 16132 | -4/Garrison | Triggered checkpoint 16144 | -4/Garrison | Triggered checkpoint 16264 | -4/Garrison | Discovered new exit (range 10) 16280 | -4/Garrison | Triggered checkpoint 16317 | -4/Garrison | Garrison Relay disabled 16504 | -4/Garrison | Discovered new exit (range 10) 16522 | -4/Garrison | Expanded RIF knowledge: Zone Cloak 16576 | -4/Garrison | Triggered checkpoint 16796 | -4/Garrison | Discovered new exit (range 15) 16948 | -4/Garrison | Triggered checkpoint 16981 | -4/Garrison | Garrison Relay disabled 17046 | -4/Garrison | Entered Research 17046 | -3/Research | Evolved 2 slots: Utility x1, Weapon x1 17796 | -3/Research | First assault squad dispatched 17870 | -3/Research | Identified exit to Garrison 17870 | -3/Research | Entered Garrison 17877 | -3/Garrison | Build established: Scavenger-Mutant 17970 | -3/Garrison | Triggered checkpoint 18117 | -3/Garrison | Spotted B-86 Titan 18176 | -3/Garrison | Destroyed B-86 Titan 18398 | -3/Garrison | Lost 3 parts (2u1w) 18481 | -3/Garrison | Triggered checkpoint 18498 | -3/Garrison | Triggered checkpoint 18554 | -3/Garrison | Destroyed 14 combat bots 18558 | -3/Garrison | Lost 5 parts (1p2n1u1w) 18701 | -3/Garrison | QS Assembler disabled 18758 | -3/Garrison | Discovered new exit (range 5) 18808 | -3/Garrison | Triggered checkpoint 18887 | -3/Garrison | Rescued a captive Derelict 18887 | -3/Garrison | Rescued a captive Derelict 18897 | -3/Garrison | Garrison Relay disabled 19153 | -3/Garrison | Found embedded Infiltrators 19212 | -3/Garrison | Discovered new exit (range 11) 19218 | -3/Garrison | Triggered checkpoint 19289 | -3/Garrison | Garrison Relay disabled 19292 | -3/Garrison | Triggered checkpoint 19593 | -3/Garrison | Build established: Scavenger-Tank 19602 | -3/Garrison | Triggered checkpoint 19677 | -3/Garrison | Expanded RIF knowledge: Watcher Feeds 19825 | -3/Garrison | Triggered checkpoint 19865 | -3/Garrison | Garrison Relay disabled 20030 | -3/Garrison | Discovered new exit (range 10) 20279 | -3/Garrison | Entered Research 20384 | -3/Research | Identified exit to DSF 20384 | -3/Research | Entered DSF 20408 | -3/DSF | Additional patrols routed to DSF 20523 | -3/DSF | Sterilization system engaged 20540 | -3/DSF | Destroyed 9 combat bots 20543 | -3/DSF | Ambient heat levels rising (+10) 20558 | -3/DSF | Ambient heat levels rising (+10) 20573 | -3/DSF | Ambient heat levels rising (+10) 20588 | -3/DSF | Ambient heat levels rising (+10) 20603 | -3/DSF | Ambient heat levels rising (+10) 20618 | -3/DSF | Ambient heat levels rising (+10) 20633 | -3/DSF | Ambient heat levels rising (+10) 20648 | -3/DSF | Ambient heat levels rising (+10) 20663 | -3/DSF | Ambient heat levels rising (+10) 20678 | -3/DSF | Ambient heat levels rising (+10) 20689 | -3/DSF | Discovered new exit (range 16) 20693 | -3/DSF | Ambient heat levels rising (+10) 20708 | -3/DSF | Ambient heat levels rising (+10) 20723 | -3/DSF | Ambient heat levels rising (+10) 20726 | -3/DSF | Core integrity fell below 50% 20727 | -3/DSF | Entered Research 20727 | -2/Research | Evolved 2 slots: Propulsion x2 21240 | -2/Research | Discovered new exit (range 6) 21281 | -2/Research | Build established: Scavenger-Mutant 21703 | -2/Research | Entered Access 21703 | -1/Access | Evolved 2 slots: Utility x2 21968 | -1/Access | Build established: Botlord-Gunner 22203 | -1/Access | First assault squad dispatched 22516 | -1/Access | P-80 Master assimilated allied Enforcer 10d 22536 | -1/Access | Build established: Botlord-Mutant 22539 | -1/Access | Spotted B-99 Colossus 22652 | -1/Access | P-80 Master assimilated allied Enforcer 10c 22696 | -1/Access | Lost 4 parts (2n1u1w) 22863 | -1/Access | Lost 4 parts (1n3u) 22938 | -1/Access | Build established: Botlord-Gunner 23480 | -1/Access | P-80 Master assimilated allied Enforcer 10h 23579 | -1/Access | Identified exit to Command 24057 | -1/Access | Build established: Botlord-Mutant 24154 | -1/Access | Entered Command 24404 | -1/Command | First assault squad dispatched 24531 | -1/Command | Destroyed 7 combat bots 24583 | -1/Command | System corruption reached 10% 24642 | -1/Command | Destroyed 7 combat bots 24711 | -1/Command | Spotted M Guard 24711 | -1/Command | Spotted M Guard 24711 | -1/Command | Spotted Combat Programmer 24712 | -1/Command | Spotted Combat Programmer 24714 | -1/Command | Assimilated Combat Programmer with FLK Orb 24716 | -1/Command | Assimilated Combat Programmer with FLK Orb 24718 | -1/Command | Assimilated M Guard with formatsys_high 24719 | -1/Command | Assimilated M Guard with formatsys_high 24818 | -1/Command | Found Hvy. Reflective Plating 24975 | -1/Command | 0b10 Conduit disabled 24976 | -1/Command | Met MAIN.C 24994 | -1/Command | Destroyed MAIN.C Shell 24996 | -1/Command | MAIN.C activated Command garrisons 25012 | -1/Command | Combat Programmer assimilated hostile G-73 Enforcer 25014 | -1/Command | Combat Programmer assimilated hostile L-61 Swordsman 25019 | -1/Command | Combat Programmer assimilated hostile G-73 Enforcer 25074 | -1/Command | All MAIN.C guards destroyed 25112 | -1/Command | Released all parts (14) 25118 | -1/Command | Core integrity fell below 50% 25126 | -1/Command | Core integrity fell below 20% 25127 | -1/Command | Destroyed by MAIN.C with Omega Cannon Last Messages --------------- 25112_ Released Adv. Coolant Injector. 25112_ Released Adv. Targeting Computer. 25112_ Released Core Analyzer. 25112_ Released Huge Storage Unit. 25112_ Released Hacking Suite. 25112_ Released Imp. Hacking Suite. 25112_ Released Biometal Medium Treads. 25112_ Released Rnf. Quantum Reactor. 25112_ Released Adv. Heat Sink. 25112_ Released Relay Coupler [Cutter]. 25112_ Released Adv. Weapon Cycler. 25112_ Released Hvy. Neutron Cannon. 25112_ Acquired 5 matter. 25114_ Knocked back. 25124_ Acquired 29 matter. 25125_ C-30 ARC bursts open, deploying its payload. 25125_ G-73 Enforcer unfolds itself. 25125_ Acquired 44 matter. 25127_ Critical hit (Burn: +37). 25127_ G-73 Enforcer destroyed. Map ----- +----------------------------------------------------+ | ?????????????????????????????????????????????????? | | ?????????????????????????????????????????????????? | | ?????????????????????????????????????????????????? | | ?????????????????????????????????????????????????? | | ?????????????????????????????????????????????????? | | ?????????????????????????????????????????????????? | | ?????????????????????????????????????????????????? | | ?????????????????????????????????????????????????? | | ?????????????????????????????????????????????????? | | ?????????????????????????????????????????????????? | | ?????????????????????????????????????????????????? | | ?????????????????????????????????????????????????? | | ?????????????????????????????????????????????????? | | ?????????????????????????????????????????????????? | | ?????????????????????????????????????????????????? | | ?????????????????????????????????????????????????? | | ?????????????????????????????????????????????????? | | ?????????????????????????????????????????????????? | | ?????????????????????????????????????????????????? | | ?????????????????????????????????????????????????? | | ####################?????????????????????????????? | | """"" " "" % ##????????????????????????????? | | % "" "###??????????????????????????? | | """ ##;####################???????? | | """" " [ = g #???????? | | " !%=!% @% g% #???????? | | "" M *%%% p g%g=*g #???????? | | " ################### #???????? | | #?????????????????# #???????# | | % #?????????????????# ##?###### | | #?????????????????# T#?# ## | | " "#?????????????????#// #### ## | | !!!! % "#?????????????????# | | !%|[* % "#?????????????????# | | %[!!! " #?????????????????# | | =!!=] " #?????????????????# | | %!|! """" " #?????????????????# | | % % " """" #?????????????????# ### # | | % " " " " #?????????????????######?# ## | | """ """""" " #????????????????????????###### | | " "" " """"""""#?????????????????????????????# | | """ " " " #?????????????????????????????? | | ##################???????????????????????????????? | | ?????????????????????????????????????????????????? | | ?????????????????????????????????????????????????? | | ?????????????????????????????????????????????????? | | ?????????????????????????????????????????????????? | | ?????????????????????????????????????????????????? | | ?????????????????????????????????????????????????? | | ?????????????????????????????????????????????????? | +----------------------------------------------------+ Best States ------------- Heat Dissipation 147 Coolant Potential 100 Energy Generation 45 Energy Capacity 1000 Matter Stores 300 Matter Capacity 300 Sight Range 22 Terrain Scan Range 16 Terrain Scan Density 10 Jamming Range 16 Armor Coverage 2400 Resistance: TH 25 Propulsion Shielding 33 Utility Shielding 66 Weapon Shielding 66 Weapon Cycling 25 Phase Shifting 10 Evasion (%) 55 Targeting Accuracy 8 Target Analysis 8 Core Analysis 6 Armor Integrity Analysis 40 Recoil Reduction 6 Matter Filtering 30 Kinecelleration 40 Offensive Hacking 22 Relay Coupler Types 6 Relay Coupler Value 413 Item Schematics ----------------- Hcp. Storage Unit | -8/Materials | Hacked Imp. Weapon Shielding | -8/Materials | Scanalyzed Robot Schematics ------------------ None Fabricated ------------ Nothing Alien Tech Used ----------------- None Achievements -------------- Pyromaniac Challenges ------------ None Game ------ Seed GhostDataProtection Manual? 0 Play Time 04:08:11 Cumulative 138.7 hours Start 2023.05.12 @ 11:21:22 End 2023.05.18 @ 12:03:07 Sessions 21 Manual Loads 0 Difficulty Rogue Special Mode None Game No. 92 Rogue 92 Adventurer 0 Explorer 0 Win Type - Total 4 Types 3/0/1/0/0/0/0/0/0 Lore% 61 Gallery% 79 Achievement% 69 Wizard Run 0 Options --------- ASCII 0 Keyboard 1 Movement Vi Keybinds 0 Fullscreen 2 Font 18/Terminus Map View 76x50 Tactical HUD 1 Map Filters NONE Filters NONE Steam X RUN: c558f4f9-ccf3-4c92-86eb-9fd35b16b86c